 Dungeon Crawl Stone Soup version 0.27-a0-1200-g94dc6ad4cf (webtiles) character file.

Game seed: 7703816366531862704

421 Ijustatesigmund the Chopper (level 6, -8/50 HPs)
             Began as a Demonspawn Fighter on June 1, 2021.
             Succumbed to a gnoll's poison
             ... on level 4 of the Dungeon.
             The game lasted 00:04:33 (4487 turns).

Ijustatesigmund the Chopper (Demonspawn Fighter)    Turns: 4487, Time: 00:04:34

Health: -8/50      AC:  6    Str: 17    XL:     6   Next: 62%
Magic:  6/6        EV:  6    Int:  9    God:
Gold:   206        SH:  9    Dex: 14    Spells: 5/5 levels left

rFire    . . .     SeeInvis .   a - +0 war axe (spect)
rCold    . . .     Faith    .   c - +0 kite shield
rNeg     . . .     Spirit   .   b - +0 scale mail
rPois    .         Reflect  .   (helmet restricted)
rElec    .         Harm     .   (no cloak)
rCorr    +         Rampage  .   (no gloves)
Will     .....                  (no boots)
Stlth    ..........             (no amulet)
HPRegen  0.16/turn              i - ring of resist corrosion
MPRegen  0.20/turn              (no ring)

@: lethally poisoned (-8 -> -40), attractive
A: horns 2, magic regeneration, demonic magic 1
a: no special abilities


You were on level 4 of the Dungeon.
You visited 1 branch of the dungeon, and saw 4 of its levels.

You collected 206 gold pieces.

Inventory:

Hand Weapons
 a - a +0 spectral war axe (weapon)
Armour
 b - a +0 scale mail (worn)
 c - a +0 kite shield (worn)
 e - a +0 helmet
Jewellery
 f - a ring of magical power
 i - a ring of resist corrosion (left hand)
Scrolls
 m - a scroll of amnesia
Potions
 d - a potion of might


   Skills:
 + Level 4.9 Fighting
 * Level 5.4 Axes
 - Level 2.6 Armour
 - Level 2.6 Shields


You had 5 spell levels left.
You didn't know any spells.
Your spell library contained the following spells:

 Spells                   Type           Power      Damage    Failure   Level
 Confusing Touch          Hex            0%         N/A       100%        3
 Gell's Gravitas          Tloc           0%         N/A       100%        3
 Petrify                  Tmut/Erth      0%         N/A       100%        4
 Metabolic Englaciation   Hex/Ice        0%         N/A       100%        5
 Yara's Violent Unravell  Hex/Tmut       0%         3d3       100%        5


Dungeon Overview and Level Annotations

Branches:
Dungeon (4/15)
 Temple: D:4-7

Altars:
Yredelemnul
The Shining One


Innate Abilities, Weirdness & Mutations

You have a pair of horns on your head.
You regenerate magic rapidly.
Spells you cast may paralyse adjacent enemies.


Message History

You hit the gnoll.
The gnoll is moderately wounded.
You hit the gnoll.
Your spectral weapon hits the gnoll!
You feel sick. The gnoll hits you but does no damage.
The gnoll completely misses you. The gnoll barely misses you.
The gnoll hits you with a +0 club.
Unknown command.
It was a potion of heal wounds.
You feel much better.
You feel sick.
The gnoll hits you from afar with a +2 spear of venom.
You are more poisoned.
The gnoll hits you with a +1 spear of venom.
You are more poisoned.
The gnoll hits you with a +0 club.
You hit the gnoll. Your headbutt misses the gnoll.
The gnoll is heavily wounded.
You barely miss the gnoll.
Your spectral weapon barely misses the gnoll.
You feel extremely sick.
The gnoll hits you from afar with a +2 spear of venom.
You are more poisoned.
You block the gnoll's attack. The gnoll hits you but does no damage.
The gnoll hits you from afar with a +2 spear of venom.
You hit the gnoll.
You kill the gnoll!
You slash the gnoll!
You kill the gnoll!
You feel extremely sick.
The gnoll hits you from afar with a +2 spear of venom.
* * * LOW HITPOINT WARNING * * *
You are more poisoned.
It was a potion of attraction.
You feel attractive to monsters.
* * * LOW HITPOINT WARNING * * *
You feel very sick.
The gnoll hits you from afar with a +2 spear of venom!
* * * LOW HITPOINT WARNING * * *
You are more poisoned.
The gnoll is pulled toward you!
You slash the gnoll!
You kill the gnoll!
You die...

##.#......##...#
.#........#.)<.## ...
.......<..#.....# #...
................## #....
....#....#.......# .....
....###.##.......#....##
#.....####.......#.....#
.......#........))......
#......#...####.@)......
#.^......######.........
#..##..##..#............
##. #..#.)..............
## #..##...............
##..................
#............##....
###.........## ....
#.........# ..


There were no monsters in sight!

Vanquished Creatures
  2 yaks
  A centaur zombie (D:3)
  2 adders (D:2)
  4 gnolls
  2 worms (D:3)
  A dart slug (D:2)
  An orc (D:3)
  6 endoplasms
  3 giant cockroaches (D:1)
  4 goblins
  3 hobgoblins
  A quokka (D:1)
  4 ball pythons
  2 bats
  7 kobolds
  11 rats
54 creatures vanquished.

Notes
Turn   | Place    | Note
-------+----------+-------------------------------------------
     0 | D:1      | Ijustatesigmund the Demonspawn Fighter began the quest for
                  | the Orb.
     0 | D:1      | Reached XP level 1. HP: 18/18 MP: 1/1
    77 | D:1      | Reached skill level 2 in Axes
   210 | D:1      | Gained mutation: Spells you cast may paralyse adjacent
                  | enemies. [demonic ancestry]
   210 | D:1      | Reached XP level 2. HP: 24/24 MP: 2/2
   904 | D:1      | Reached XP level 3. HP: 8/29 MP: 3/3
  1478 | D:2      | Reached skill level 3 in Axes
  2731 | D:3      | Gained mutation: You have a pair of small horns on your
                  | head. [demonic ancestry]
  2731 | D:3      | Reached XP level 4. HP: 36/37 MP: 4/4
  2952 | D:3      | Found a faded altar of an unknown god.
  3108 | D:3      | Found a basalt altar of Yredelemnul.
  3716 | D:4      | Noticed a yak
  3716 | D:4      | Noticed a yak
  3716 | D:4      | Noticed a yak
  3716 | D:4      | Noticed a yak
  3716 | D:4      | Noticed a yak
  3724 | D:3      | Killed a yak
  3725 | D:3      | Reached skill level 4 in Axes
  3725 | D:3      | Gained mutation: You regenerate magic rapidly. [demonic
                  | ancestry]
  3725 | D:3      | Reached XP level 5. HP: 43/43 MP: 5/5
  4480 | D:4      | Killed a yak
  4481 | D:4      | Reached skill level 5 in Axes
  4481 | D:4      | Gained mutation: You have a pair of horns on your head.
                  | [demonic ancestry]
  4481 | D:4      | Reached XP level 6. HP: 33/50 MP: 6/6
  4486 | D:4      | HP: 1/50 [gnoll/+2 spear of venom (7)]
  4487 | D:4      | Succumbed to a gnoll's poison

Illustrated notes

Levels and vault maps discovered:
D:1:      wheals_arrival_linesprint, layout_basic
D:2:      layout_basic
D:3:      layout_basic, amcnicky_altar_gilded, general_overflow_altar,
          shapermc_ecumenical_altar_mp_ritualfount
D:4:      minmay_chambers_of_threes, layout_cave_pools

Skill      XL: |  1  2  3  4  5 |
---------------+----------------+-----
Axes           | 2 3 4 5 |  5.4
Fighting       | 4 |  4.9
Armour         | |  2.6
Shields        | |  2.6

Action                   |  1- 3 |  4- 6 || total
-------------------------+-------+-------++-------
Melee: War axe           |   104 |    33 ||   137
       Headbutt          |       |     5 ||     5
  Use: Scroll            |     5 |     2 ||     7
       Potion            |       |     3 ||     3
Armor: Scale mail        |    43 |    18 ||    61
Dodge: Dodged            |    25 |     5 ||    30
Block: Kite shield       |    48 |    11 ||    59

Table legend: (Time is in decaauts)
 A = Elapsed time spent in this place.
 B = Non-inter-level travel time spent in this place.
 C = Inter-level travel time spent in this place.
 D = Time resting spent in this place.
 E = Time spent auto-exploring this place.
 F = Levels seen in this place.
 G = Mean time per level.
                   A        B        C        D        E       F      G
               +--------+--------+--------+--------+--------+-----+--------+
         Total |   4553 |   4430 |    123 |   1063 |   2898 |   4 | 1138.2 |
       Dungeon |   4553 |   4430 |    123 |   1063 |   2898 |   4 | 1138.2 |
               +--------+--------+--------+--------+--------+-----+--------+

Top non-repeatable levels by time:
     D:2: 1571 daAuts
     D:1: 1451 daAuts
     D:3: 1312 daAuts
     D:4: 218 daAuts
